 Dungeon Crawl Stone Soup version 0.29.1-15-g9cfb28693d (webtiles) character file.

Game seed: 11877418085730255848

67 McKennaii the Digger (level 3, -2/26 HPs)
             Began as a Demigod Earth Elementalist on Feb 25, 2023.
             Slain by Robin
             ... wielding a +0 whip
              (5 damage)
             ... on level 2 of the Dungeon.
             The game lasted 00:01:41 (1922 turns).

McKennaii the Digger (Demigod Earth Elementalist)   Turns: 1922, Time: 00:01:42

Health: -2/26      AC:  2    Str:  9    XL:     3   Next: 72%
Magic:  24/27      EV:  9    Int: 21    God:
Gold:   121        SH:  0    Dex: 14    Spells: 3/7 levels left

rFire   . . .      SeeInvis .   g - +1 dagger (venom)
rCold   . . .      Faith    .   (no shield)
rNeg    . . .      Spirit   .   a - +0 robe
rPois   .          Reflect  .   (no helmet)
rElec   .          Harm     .   (no cloak)
rCorr   .          Rampage  .   (no gloves)
Will    .....                   (no boots)
Stlth   ++........              (no amulet)
HPRegen 0.08/turn               j - ring of magical power
MPRegen 0.20/turn               k - ring of magical power

@: grasped by roots, constricted
A: high MP 1, forlorn, divine attributes
a: no special abilities


You were on level 2 of the Dungeon.
You visited 1 branch of the dungeon, and saw 3 of its levels.

You collected 121 gold pieces.

Inventory:

Hand Weapons
 g - a +1 dagger of venom (weapon)
Armour
 a - a +0 robe (worn)
Jewellery
 j - a ring of magical power (left hand)
 k - a ring of magical power (right hand)
 l - a ring of protection from cold
 s - a +6 ring of strength
Scrolls
 d - a scroll of fear {unknown}
 e - 2 scrolls of magic mapping {unknown}
 i - 2 scrolls of identify {unknown}
 m - a scroll of teleportation {unknown}
 n - 2 scrolls of fog {unknown}
 p - a scroll of vulnerability {unknown}
 q - a scroll of immolation {unknown}
 r - a scroll of torment {unknown}
Potions
 b - a potion of magic
 c - 2 potions of curing {unknown}
 f - 2 potions of might {unknown}
 h - a potion of cancellation {unknown}
 o - a potion of degeneration {unknown}


   Skills:
 - Level 1.7 Dodging
 - Level 1.7 Stealth
 + Level 2.7 Spellcasting
 + Level 0.8 Conjurations
 - Level 0.8 Transmutations
 + Level 3.5 Earth Magic


You had 3 spell levels left.
You knew the following spells:

 Your Spells              Type           Power      Damage    Failure   Level
a - Sandblast             Erth           34%        2d9       3%          1
b - Stone Arrow           Conj/Erth      24%        3d8       17%         3

Your spell library contained the following spells:

 Spells                   Type           Power      Damage    Failure   Level
 Passwall                 Tmut/Erth      10%        N/A       9%          2
 Necrotise                Necr           8%         1d4       14%         1
 Vampiric Draining        Necr           2%         2d6       38%         3
 Petrify                  Tmut/Erth      12%        N/A       50%         4
 Agony                    Necr           2%         N/A       98%         5


Dungeon Overview and Level Annotations

Branches:
Dungeon (3/15)

Shops:
D:1 [

Annotations:
D:2 Robin


Innate Abilities, Weirdness & Mutations

You have an increased reservoir of magic. (+10% MP)
You shall have no god before yourself.
Your divine heritage dramatically boosts your attributes as you level up.


Message History

You climb upwards.
There is a stone staircase leading down here.
Unknown command.
The goblin attacks as you move away! The goblin closely misses you.
The goblin attacks as you move away! The goblin completely misses you.
Robin attacks as you move away! Robin hits you but does no damage.
The goblin attacks as you move away! The goblin hits you with a +0 club.
The blast of sand hits the goblin.
You kill the goblin!
The blast of sand misses the goblin.
The blast of sand hits Robin.
Robin is moderately wounded.
Robin's bangles clink loudly.
Robin zaps a wand.
The roots erupt in riotous growth!
The goblin is unaffected.
Robin is unaffected.
The grasping roots grab you! The grasping roots constrict you.
The goblin hits you with a +0 club. The grasping roots constrict you.
The goblin hits you with a +0 club.
You are too injured to fight recklessly!
Unknown command.
Casting: Sandblast (safe; 3% risk of failure)
Confirm with . or Enter, or press ? or * to list all spells.
Aiming: Sandblast (safe; 3% risk of failure)
Press: ? - help, Shift-Dir - straight line, f/p - goblin
Aim: a goblin, wielding a +0 club (77% to hit)
The blast of sand hits the goblin!
You kill the goblin!
The grasping roots constrict you.
Unknown command.
Casting: Sandblast (safe; 3% risk of failure)
Confirm with . or Enter, or press ? or * to list all spells.
Aiming: Sandblast (safe; 3% risk of failure)
Press: ? - help, Shift-Dir - straight line, f - Robin
Aim: Robin, wielding a +0 whip, wearing a +0 animal skin, wearing a +0 helmet and carrying a wand of roots (13) (moderately wounded, 87% to hit)
The blast of sand hits Robin.
Robin is heavily wounded.
Robin drinks a potion.
Robin suddenly seems more resistant.
The grasping roots constrict you.
* * * LOW HITPOINT WARNING * * *
Robin hits you with a +0 whip.
You die...

#.# #.# #.# ########
#.# #......# #.#
#.####.# ###########.#
#.# #.# .##.[.....#.#
#.# #.# ..........#.#
#.# #.#
.#........#.####@# #.#
.......)..#....g.# #.#
..............>######.#
.###...##.............#
######.#######g########
..........# #.#
#######...####.# ###
##....##.# ..#
##.#.##.#


You could see Robin (resistant).

Vanquished Creatures
  An adder (D:2)
  2 dart slugs (D:2)
  8 bats
  3 endoplasms (D:2)
  A giant cockroach (D:1)
  7 goblins
  2 hobgoblins (D:1)
  3 jackals (D:2)
  9 kobolds
  2 quokkas (D:2)
  8 ball pythons
  3 frilled lizards (D:1)
  2 rats
51 creatures vanquished.

Notes
Turn   | Place    | Note
-------+----------+-------------------------------------------
     0 | D:1      | McKennaii the Demigod Earth Elementalist began the quest
                  | for the Orb.
     0 | D:1      | Reached XP level 1. HP: 14/14 MP: 5/5
    61 | D:1      | Found Otolyogg's Armour Shoppe.
   136 | D:1      | Reached skill level 3 in Earth Magic
   188 | D:1      | Reached XP level 2. HP: 20/20 MP: 4/7
  1113 | D:2      | Reached XP level 3. HP: 19/26 MP: 9/9
  1218 | D:2      | Learned a level 3 spell: Stone Arrow
  1914 | D:3      | Noticed Robin
  1922 | D:2      | Slain by Robin

Illustrated notes

Levels and vault maps discovered:
D:1:      wheals_arrival_shading, layout_basic, basic_ecumenical_altar,
          serial_shops, shop, minmay_hexomino_u4
D:2:      layout_basic, basic_altar
D:3:      layout_loops_ring, zin_purify, mainiacjoe_overflow_alcove_2,
          grunt_temple_overflow_cloverleaf, uniq_robin

Skill      XL: |  1 |
---------------+----+-----
Spellcasting   | 2 |  2.7
Earth Magic    | 3 |  3.5
Dodging        | |  1.7
Stealth        | |  1.7
Conjurations   | |  0.8
Transmutations | |  0.8

Action                   || total
-------------------------++-------
Melee: Dagger            ||     4
 Cast: Sandblast         ||    59
Armor: Robe              ||     4
Dodge: Dodged            ||    13
